 Dungeon Crawl Stone Soup version 0.29-a0-271-gd4eb659eea (webtiles) character file.

Game seed: 4916705891539276847

15093 frimble the Slicer (level 12, -3/88 HPs)
             Began as a Djinni Cinder Acolyte on Mar 9, 2022.
             Was a Priest of Ignis.
             Slain by a troll (13 damage)
             ... on level 11 of the Dungeon.
             The game lasted 00:27:02 (18993 turns).

frimble the Slicer (Djinni Cinder Acolyte)         Turns: 18993, Time: 00:27:02

Health: -3/88      AC: 15    Str: 17    XL:     12   Next: 53%
Gold:   960        EV: 12    Int: 21    God:    Ignis [***...] SH:  0 Dex:  9

rFire   + + +      SeeInvis +   c - +2 short sword (venom)
rCold   x . .      Faith    .   (no shield)
rNeg    . . .      Spirit   .   a - +0 troll leather armour
rPois   ∞          Reflect  .   g - +1 helmet
rElec   +          Harm     .   (no cloak)
rCorr   +          Rampage  .   p - +1 pair of gloves
Will    +....                   (boots unavailable)
Stlth   +.........              (no amulet)
HPRegen 1.04/turn               j - ring of see invisible
MPRegen 0.00/turn               s - ring "Porrofal" {rElec rCorr Str+4 Slay+4}

@: rising, fiery-armoured, flying
A: sickness immunity, fire resistance 2, cold vulnerability 1, float, innate
caster, HP casting, extra vitality 1
a: Renounce Religion, Fiery Armour, Foxfire Swarm


You were on level 11 of the Dungeon.
You worshipped Ignis.
Ignis was most pleased with you.
You visited 2 branches of the dungeon, and saw 14 of its levels.
You also visited: Sewer.

You collected 960 gold pieces.

Inventory:

Hand Weapons
 c - a +2 short sword of venom (weapon)
 d - a +3 short sword of freezing
Missiles
 w - 6 javelins
 y - a throwing net
 A - 26 poisoned darts (quivered)
Armour
 a - a +0 troll leather armour (worn)
 g - a +1 helmet (worn)
 n - a +0 kite shield
 p - a +1 pair of gloves (worn)
 u - the +8 ring mail "Tamuuf Vema" {Int+4}
   (You found it on level 8 of the Dungeon)

   Int:       It affects your intelligence (+4).
 v - a +1 ring mail of cold resistance
Jewellery
 j - a ring of see invisible (left hand)
 s - the ring "Porrofal" (right hand) {rElec rCorr Str+4 Slay+4}
   (You found it on level 4 of the Dungeon)

   [ring of slaying]

   Str:       It affects your strength (+4).
   Slay:      It affects your accuracy & damage with ranged weapons and melee
   (+4).
   rElec:     It insulates you from electricity.
   rCorr:     It protects you from acid and corrosion.
 z - a ring of resist corrosion
 B - a ring of protection from cold
Wands
 o - a wand of polymorph (16)
 x - a wand of iceblast (10)
 C - a wand of digging (5)
Scrolls
 b - a scroll of immolation
 e - a scroll of fog
 m - 2 scrolls of torment
 q - a scroll of teleportation
 t - a scroll of enchant weapon
Potions
 f - a potion of ambrosia
 h - 3 potions of mutation
 i - 2 potions of attraction
 k - 3 potions of curing
 l - 2 potions of brilliance
 r - 2 potions of cancellation


   Skills:
 + Level 8.4 Fighting
 + Level 10.2 Short Blades
 - Level 3.0 Armour
 - Level 3.4 Dodging
 - Level 3.1 Unarmed Combat
 + Level 9.0 Spellcasting
 + Level 7.4 Evocations


You had 14 spell levels left.
You knew the following spells:

 Your Spells              Type           Power      Damage    Failure   Level
a - Scorch                Fire           94%        2d10      1%          2
b - Apportation           Tloc           94%        N/A       1%          1
c - Corpse Rot            Necr/Air       94%        N/A       1%          2
d - Spider Form           Tmut/Pois      47%        N/A       1%          3
e - Ignite Poison         Fire/Tmut/Pois 47%        N/A       1%          3
f - Dispel Undead         Necr           47%        3d18      1%          4
Your spell library was empty.

Dungeon Overview and Level Annotations

Branches:
Dungeon (13/15)            Temple (0/1) D:7            Lair (1/6) D:9
    Orc (0/2) D:9           Sewer (visited)
 Vaults: D:13-14

Altars:
Elyvilon
Kikubaaqudgha

Annotations:
D:8 3 runed translucent doors, fragbeetle's ghost, novice GnCj
D:11 Lodul; Snorg


Innate Abilities, Weirdness & Mutations

You are immune to sickness and miasma.
You are immune to poison.
Your flesh is very heat resistant. (rF++)
You are vulnerable to cold. (rC-)
You float through the air rather than walking.
You learn spells naturally, not from books.
Your magical power is your life essence.
You have superior vitality. (+4 MHP)


Message History

There is a stone staircase leading up here.
Okay, then.
Okay, then.
Okay, then.
Casting: Ignite Poison (safe; 1% risk of failure)
Confirm with . or Enter, or press ? or * to list all spells.
Okay, then.
Unknown command.
Snorg barely misses you. Snorg claws you! Snorg closely misses you.
The troll attacks as you move away! The troll bites you! The troll claws you.
The troll claws you but does no damage.
A protective cloak of flame settles atop you.
The troll barely misses you. The troll claws you but does no damage.
The troll is burned by your cloak of flames.
The troll is lightly wounded.
The troll barely misses you. Snorg bites you.
Snorg is burned by your cloak of flames.
Snorg is lightly wounded.
Snorg claws you.
Snorg is burned by your cloak of flames.
Snorg is lightly wounded.
Snorg claws you.
Snorg is burned by your cloak of flames.
Snorg is lightly wounded.
You begin to rise into the air.
The troll barely misses you. The troll claws you.
The troll is burned by your cloak of flames.
The troll is lightly wounded.
The troll claws you!
* * * LOW HITPOINT WARNING * * *
The troll is burned by your cloak of flames.
The troll is moderately wounded.
Snorg closely misses you. Snorg misses you. Snorg closely misses you.
The troll bites you!
* * * LOW HITPOINT WARNING * * *
The troll is burned by your cloak of flames.
The troll is lightly wounded.
The troll closely misses you. The troll barely misses you.
The troll attacks as you move away! The troll bites you!
You die...

#............... #..
#...........#### #..
#...........# #...
#...........#
#...###...........#
##....)...########O#
..........# .#
........T.# #
.......@..#
###....TT.#
#.......# #......<#
#.......# #.......#
#.......# #.......#
#.......#


You could see Snorg and 2 trolls.

Vanquished Creatures
  A boulder beetle (D:8)
  A two-headed ogre (D:12)
  A deep elf pyromancer (D:12)
  A manticore (D:12)
  An unseen horror (D:12)
  A komodo dragon (Lair:1)
  5 trolls
  2 hornets (D:8)
  4 slime creatures
  A vampire (D:10)
  18 yaks
  A wraith (D:12)
  A wyvern (D:9)
  4 steam dragons
  3 vampire mosquitoes (D:12)
  5 wargs (D:9)
  An acid dragon (D:9)
  2 water moccasins (Lair:1)
  3 orc warriors
  A sky beast (D:6)
  4 ogres
  A black bear (D:8)
  3 centaurs
  2 tengu
  2 phantoms
  3 kobold brigands
  A gnoll sergeant (D:9)
  4 necrophages
  3 scorpions
  7 bullfrogs
  4 wights (D:7)
  5 killer bees (D:9)
  5 howler monkeys
  3 hounds
  5 orc priests
  2 gnoll shamans
  2 iguanas
  A merfolk siren (Sewer)
  16 orc wizards
  A merfolk avatar (Sewer)
  12 gnolls
  11 adders
  2 river rats (Sewer)
  A shadow imp (D:7)
  2 worms (D:2)
  3 dart slugs
  37 orcs
  5 ball pythons
  7 bats
  7 endoplasms
  4 giant cockroaches
  11 goblins
  8 hobgoblins
  24 kobolds
  3 quokkas
  9 frilled lizards
  23 rats
300 creatures vanquished.

Vanquished Creatures (collateral kills)
  A two-headed ogre (D:12)
  A slime creature (D:12)
  A komodo dragon (D:12)
  An ogre (D:12)
4 creatures vanquished.

Vanquished Creatures (others)
  48 foxfires (D:1)
  A fungus (Lair:1)
  15 plants
64 creatures vanquished.

Grand Total: 368 creatures vanquished

Notes
Turn   | Place    | Note
-------+----------+-------------------------------------------
     0 | D:1      | frimble the Djinni Cinder Acolyte began the quest for the
                  | Orb.
     0 | D:1      | Reached XP level 1. HP: 20/20 MP: 0/0
    69 | D:1      | Reached XP level 2. HP: 6/25 MP: 0/0
   964 | D:1      | Reached XP level 3. HP: 17/30 MP: 0/0
   964 | D:1      | Learned a level 1 spell: Apportation
  1650 | D:2      | Reached skill level 1 in Short Blades
  2129 | D:2      | Reached XP level 4. HP: 33/35 MP: 0/0
  3429 | D:3      | Reached skill level 2 in Short Blades
  3699 | D:3      | Reached XP level 5. HP: 40/40 MP: 0/0
  3699 | D:3      | Learned a level 2 spell: Corpse Rot
  3943 | D:3      | Found a faded altar of an unknown god.
  5217 | D:4      | Reached skill level 3 in Short Blades
  5217 | D:4      | Reached XP level 6. HP: 42/46 MP: 0/0
  5497 | D:4      | Identified the ring "Porrofal" {rElec rCorr Str+4 Slay+4}
  5707 | D:4      | Noticed an ogre
  5715 | D:4      | Killed an ogre
  5716 | D:4      | Reached XP level 7. HP: 46/50 MP: 0/0
  5716 | D:4      | Learned a level 3 spell: Spider Form
  6062 | D:5      | Entered Level 5 of the Dungeon
  6116 | D:5      | Reached skill level 4 in Short Blades
  6307 | D:5      | Found a glowing drain.
  6316 | Sewer    | Entered a sewer
  7346 | D:5      | Reached XP level 8. HP: 48/56 MP: 0/0
  7530 | D:5      | Reached skill level 5 in Short Blades
  7530 | D:5      | Reached skill level 5 in Spellcasting
  8302 | D:6      | Reached skill level 6 in Short Blades
  8785 | D:6      | Reached XP level 9. HP: 49/61 MP: 0/0
  8785 | D:6      | Learned a level 3 spell: Ignite Poison
  9580 | D:7      | Reached skill level 7 in Short Blades
 10468 | D:7      | Found a staircase to the Ecumenical Temple.
 10642 | D:7      | Reached skill level 1 in Dodging
 10712 | D:7      | Reached skill level 1 in Evocations
 11866 | D:8      | Identified the +8 ring mail "Tamuuf Vema" {Int+4}
 11915 | D:8      | Found a runed translucent gate.
 11915 | D:8      | Found a runed translucent gate.
 11915 | D:8      | Found a runed translucent gate.
 11941 | D:8      | Noticed a hornet
 11944 | D:8      | Noticed a boulder beetle
 11949 | D:8      | Killed a hornet
 11950 | D:8      | Reached XP level 10. HP: 59/68 MP: 0/0
 11976 | D:8      | Killed a boulder beetle
 11977 | D:8      | Reached skill level 8 in Short Blades
 12099 | D:8      | Reached skill level 5 in Fighting
 12372 | D:8      | Reached skill level 1 in Armour
 12723 | D:8      | Noticed fragbeetle's ghost (novice GnCj)
 12842 | D:9      | Found a staircase to the Lair.
 12846 | D:10     | Entered Level 10 of the Dungeon
 14032 | D:9      | You are sucked into a shaft and drop 3 floors!
 14350 | D:12     | Reached XP level 11. HP: 48/76 MP: 0/0
 14350 | D:12     | Learned a level 4 spell: Dispel Undead
 14863 | D:11     | Noticed a two-headed ogre
 14864 | D:11     | Noticed a two-headed ogre
 15059 | D:11     | Noticed Snorg
 15059 | D:11     | Noticed a two-headed ogre
 15059 | D:11     | Noticed Lodul
 15067 | D:12     | Killed a two-headed ogre
 15068 | D:12     | Reached skill level 5 in Evocations
 15069 | D:12     | Reached skill level 9 in Short Blades
 15331 | D:12     | Noticed a deep elf pyromancer
 15376 | D:12     | Killed a deep elf pyromancer
 15504 | D:12     | Noticed a two-headed ogre
 15517 | D:12     | Killed a two-headed ogre
 16027 | D:12     | Found a white marble altar of Elyvilon.
 16037 | D:12     | Noticed a manticore
 16052 | D:12     | Killed a manticore
 16346 | D:11     | Noticed a white ugly thing
 16346 | D:11     | Noticed a centaur warrior
 16472 | D:13     | Noticed a two-headed ogre
 17357 | D:10     | Reached XP level 12. HP: 83/85 MP: 0/0
 18064 | D:9      | Found a staircase to the Orcish Mines.
 18352 | Lair:1   | Entered Level 1 of the Lair of Beasts
 18383 | Lair:1   | Reached skill level 10 in Short Blades
 18563 | Lair:1   | Noticed an eight-headed hydra
 18993 | D:11     | Slain by a troll

Illustrated notes

Levels and vault maps discovered:
D:1:      psy_arrival_radial02, layout_basic, grunt_decor_clamped,
          minmay_crystal_room, corexii_leaking_fountain, minmay_tall_x
D:2:      layout_basic
D:3:      layout_loops_corners, hellmonk_ecumenical_altar_prayer_group
D:4:      layout_cave_pools, lemuel_crystal_altar
D:5:      layout_loops_corners, portal_sewer_entry_d
D:6:      minmay_spotlight, layout_basic
D:7:      layout_rooms, minmay_temple_entry_gardened_gates
D:8:      layout_rooms, gammafunk_ghost_spectres
D:9:      layout_irregular_city, erik_lair_orcish_takeover,
          minmay_orc_entry_guard_dogs, serial_glass, glass_columns_a,
          glass_columns_a
D:10:     layout_irregular_city
D:11:     layout_long_grid, gammafunk_ghost_grave, uniq_lodul, uniq_snorg
D:12:     layout_small_grid, nicolae_elyvilon_temple_path
D:13:     layout_roguey, david_vaults_5, nicolae_ru_path_of_blood
Lair:1:   layout_roguey, lemuel_fruit_fields, lemuel_fruit_fields,
          infiniplex_staircase_pool

Skill      XL: |  1  2  3  4  5  6  7  8  9 10 11 12 |
---------------+-------------------------------------+-----
Short Blades   | 1 2 3 4 6 7 8 9 10 | 10.2
Spellcasting   | 3 4 6 7 8 9 |  9.0
Dodging        | 2 3 |  3.4
Evocations     | 2 4 6 7 |  7.4
Fighting       | 4 5 7 8 |  8.4
Armour         | 2 3 |  3.0
Unarmed Combat | |  3.1

Action                   |  1- 3 |  4- 6 |  7- 9 | 10-12 || total
-------------------------+-------+-------+-------+-------++-------
Melee: Dagger            |    74 |    56 |       |       ||   130
       Punch             |     2 |     2 |     9 |    18 ||    31
       Short sword       |       |    74 |   282 |   513 ||   869
Throw: Dart              |       |       |       |    15 ||    15
       Throwing net      |       |       |       |     2 ||     2
 Cast: Scorch            |    19 |    42 |    61 |     9 ||   131
       Corpse Rot        |       |     1 |       |       ||     1
       Ignite Poison     |       |       |     1 |    29 ||    30
       Spider Form       |       |       |     1 |       ||     1
Invok: Foxfire Swarm     |     3 |       |       |       ||     3
       Fiery Armour      |       |       |       |     3 ||     3
       Rising Flame      |       |       |       |     1 ||     1
Evoke: Wand              |       |       |     1 |     7 ||     8
  Use: Scroll            |     4 |     3 |    11 |    12 ||    30
       Potion            |       |     1 |       |     7 ||     8
 Stab: Distracted        |       |       |     1 |       ||     1
       Held in net/web   |       |       |       |     1 ||     1
Armor: Robe              |    25 |    31 |    41 |       ||    97
       Ring mail         |       |       |     5 |   109 ||   114
       Steam dragon scal |       |       |     5 |       ||     5
       Skin              |       |       |       |    17 ||    17
       Troll leather arm |       |       |       |    76 ||    76
Dodge: Dodged            |    67 |    73 |   152 |   309 ||   601

Table legend: (Time is in decaauts)
 A = Elapsed time spent in this place.
 B = Non-inter-level travel time spent in this place.
 C = Inter-level travel time spent in this place.
 D = Time resting spent in this place.
 E = Time spent auto-exploring this place.
 F = Levels seen in this place.
 G = Mean time per level.
                   A        B        C        D        E       F      G
               +--------+--------+--------+--------+--------+-----+--------+
         Total |  18746 |  18189 |    557 |   1330 |  14111 |  15 | 1249.7 |
       Dungeon |  17832 |  17310 |    522 |   1330 |  13476 |  13 | 1371.7 |
          Lair |    233 |    199 |     34 |      0 |    144 |   1 |  233.0 |
         Sewer |    680 |    680 |      0 |      0 |    491 |   1 |  680.0 |
               +--------+--------+--------+--------+--------+-----+--------+

Top non-repeatable levels by time:
    D:12: 2443 daAuts
     D:6: 2196 daAuts
     D:3: 1796 daAuts
    D:10: 1778 daAuts
     D:2: 1663 daAuts
     D:1: 1628 daAuts
     D:9: 1547 daAuts
     D:5: 1476 daAuts
     D:7: 1400 daAuts
     D:4: 964 daAuts
     D:8: 893 daAuts
   Sewer: 680 daAuts
  Lair:1: 233 daAuts
    D:11: 33 daAuts
    D:13: 9 daAuts
